 Dungeon Crawl Stone Soup version 0.20.1-1-g8b1a95d (webtiles) character file.

127536 Jerry the Fencer (level 15, -10/141 HPs)
             Began as a Demigod Fighter on Oct 22, 2017.
             Killed by divine providence
             ... invoked by an orc priest
              (14 damage)
             ... on level 1 of the Elven Halls on Oct 23, 2017.
             The game lasted 02:42:20 (36202 turns).

Jerry the Fencer (Demigod Fighter)                 Turns: 36202, Time: 02:42:21

Health: -10/141    AC: 25    Str: 24    XL:     15   Next: 99%
Magic:  18/18      EV: 16    Int: 18    God:
Gold:   1038       SH: 11    Dex: 19    Spells: 3/14 levels left

rFire    . . .     SeeInvis .   g - +4 scimitar (flame)
rCold    + + .     Gourm    .   N - +0 buckler
rNeg     . . .     Faith    .   e - +3 chain mail {rC+}
rPois    .         Spirit   .   (no helmet)
rElec    .         Reflect  +   d - +1 cloak
rCorr    .         Harm     .   r - +2 pair of gloves {Str+3}
MR       ++...                  O - +2 pair of boots {run}
Stlth    ..........             Q - +3 amulet of reflection
Regen    0.4/turn               A - +3 ring of slaying
MPRegen  0.2/turn               Y - ring of protection from cold

@: hasted and slowed, quick
A: hooves 1, thin skeletal structure 1, high mp 1, magic resistance 1, robust 1
a: no special abilities


You were on level 1 of the Elven Halls.
You were not hungry.

You visited 4 branches of the dungeon, and saw 24 of its levels.
You also visited: Ossuary, Ice Cave and Volcano.

You collected 2962 gold pieces.
You spent 1924 gold pieces at shops.

Inventory:

Hand Weapons
 g - a +4 scimitar of flaming (weapon)
 k - the +6 falchion "Iripn" {drain, rElec rF+ Dex+3}
   (You found it on level 10 of the Dungeon)

   A truly terrible weapon, it drains the life of those it strikes.
   It affects your dexterity (+3).
   It protects you from fire.
   It insulates you from electricity.
Armour
 d - a +1 cloak (worn)
 e - a +3 chain mail of cold resistance (worn)
 r - a +2 pair of gloves of strength (worn)
 N - a +0 buckler (worn)
 O - a +2 pair of boots of running (worn)
Jewellery
 x - an uncursed ring of protection from fire
 A - a +3 ring of slaying (left hand)
 Q - a +3 amulet of reflection (around neck)
 Y - a ring of protection from cold (right hand)
Wands
 c - a wand of confusion (18/48)
 w - a wand of acid (12/15)
 T - a wand of digging (17/24)
 V - a wand of iceblast (9/15)
Scrolls
 b - 2 scrolls of recharging
 l - 6 scrolls of fog
 o - 2 scrolls of brand weapon
 p - 5 scrolls of fear
 s - 2 scrolls of summoning {unknown}
 y - 2 scrolls of silence
 B - 2 scrolls of amnesia
 C - 4 scrolls of teleportation
 D - 3 scrolls of blinking
 F - 11 scrolls of remove curse
 H - 4 scrolls of magic mapping
 J - 14 scrolls of identify
 M - 2 scrolls of immolation
 W - 3 scrolls of enchant armour
Potions
 m - 5 potions of brilliance
 n - 4 potions of flight
 q - 8 potions of curing
 u - 3 potions of haste
 v - 6 potions of cancellation
 z - 3 potions of heal wounds
 G - 7 potions of agility
 I - 2 potions of might
 K - 3 potions of magic
 L - 2 potions of mutation
 R - a potion of berserk rage
 X - 2 potions of resistance
 Z - 2 potions of ambrosia
Miscellaneous
 P - a lightning rod (4/4)
Comestibles
 a - 5 chunks of flesh
 f - 16 bread rations
 h - 26 fruits
 i - 9 meat rations
 j - 7 royal jellies


   Skills:
 - Level 11.1 Fighting
 - Level 15.6 Long Blades
 - Level 12.2 Armour
 - Level 11.3 Dodging
 - Level 0.8 Stealth
 + Level 11.9 Shields


You had 3 spell levels left.
You knew the following spells:

 Your Spells              Type           Power        Failure   Level  Hunger
a - Animate Skeleton      Necr           N/A          71%         1    ##.....
b - Apportation           Tloc           #.....       71%         1    ##.....
c - Lesser Beckoning      Tloc           #.........   97%         3    ####...
d - Statue Form           Tmut/Erth      #........    100%        6    #######


Dungeon Overview and Level Annotations

Branches:
Dungeon (15/15)            Temple (0/1) D:4            Lair (6/6) D:10
  Swamp (0/4) Lair:3        Snake (0/4) Lair:4        Slime (0/5) Lair:6
    Orc (2/2) D:9             Elf (1/3) Orc:2        Vaults (0/5) D:14
 Depths (0/5) D:15

Shops:
D:4 !([   D:6 }%?%   D:8 [[   D:10 !   D:12 *   D:14 }   D:15 %[*(   Orc:2 %[%?
Elf:1 *

Annotations:
Lair:2 exclusion: 4 oklob plants


Innate Abilities, Weirdness & Mutations

You have an increased reservoir of magic. (+10% MP)
You have large cloven feet.
You have a somewhat thin skeletal structure. (Dex +2, Stealth)
You are resistant to hostile enchantments. (MR+)
You are robust. (+10% HP)


Message History

A deep elf demonologist comes into view.
It is wielding a dagger.
The deep elf demonologist shouts!
A deep elf knight comes into view. It is wielding a long sword.
The deep elf knight shouts!
The fire dragon roars deafeningly! x2
You block the torpor snail's attack.
Being near the torpor snail leaves you feeling lethargic.
You block the deep elf mage's attack.
The deep elf high priest picks up a potion of heal wounds.
The runed scimitar hits you!
* * * LOW HITPOINT WARNING * * *
The orc moves out of view.
Found seven items. 2 dancing weapons, a fire elemental, 3 orcs, 5 elves and a torpor snail come into view.
There is a scimitar of holy wrath.
There is a mace of draining.
You feel yourself speed up.
The orc warrior shouts!
You block the scimitar of holy wrath's attack.
The orc priest mumbles some strange prayers to Beogh against you.
Beogh smites you!
You die...

#...#.#.#### .+...+......###''#
'#e' .#...#.#(##.# 8.....o. 8
.##+##.#.##.# 8..o.eo .8
.......#.##.###..#oo .$#
##.......##.##8.o.. o..8
...#.######.##8..o $.e. ####.###
#.###.(#.(#§§# ..
.......####.##8.@eeeE§e8#####.##.
.......#.....#8ewee.e..8#........
.......#.#.#######e/#####...#.#.#
..........####.DD#88# D#........
.......#..##.############...#....
.......#..#.......# #....###.....
)......#..........# #............
.#####.####.....(.###...###......
.#####.# ##.....####...# #......


You could see 2 fire dragons, an ice dragon, a torpor snail, an orc high priest,
a deep elf demonologist, 4 deep elf archers, 3 deep elf knights, 2 deep elf high
priests, 2 deep elf magi, a fire elemental, 2 orc warriors, 2 dancing weapons,
an orc priest and 4 orcs.

Vanquished Creatures
  Saint Roka (Orc:2)
  Roxanne (D:15)
  An orc warlord (Orc:2)
  A deep elf demonologist (Elf:1)
  Nessos (Orc:2)
  Snorg (Orc:1)
  Josephine (Orc:1)
  4 ogre magi (Orc:2)
  The ghost of KoningWillie the Spear-Bearer, a journeyman MiFi of Makhleb (D:11)
  3 hydras
  Harold (Orc:1)
  A vault guard (D:14)
  A great orb of eyes (D:14)
  An ice dragon (Lair:6)
  18 two-headed ogres
  6 centaur warriors
  3 dancing weapons (Elf:1)
  6 death yaks
  Urug (D:15)
  A sun demon (Volcano)
  8 slime creatures
  5 deep elf knights
  A hell knight (Volcano)
  5 skeletal warriors
  A flayed ghost (D:15)
  2 unseen horrors
  2 deep elf archers (Elf:1)
  An orc knight (Orc:1)
  A necromancer (D:15)
  10 deep elf magi
  3 wolf spiders
  7 cyclopes
  An orc sorcerer (Orc:1)
  6 ugly things
  3 manticores
  A tengu skeleton (D:15)
  11 black mambas
  A fire giant skeleton (D:15)
  An ice statue (IceCv)
  A guardian serpent (Lair:6)
  2 molten gargoyles (Volcano)
  18 elephants
  Psyche (D:8)
  5 torpor snails (Lair:6)
  3 gargoyles
  12 spiny frogs
  2 rime drakes (Orc:1)
  9 komodo dragons
  An efreet (D:15)
  A freezing wraith (D:14)
  2 tengu conjurers
  A polar bear (Lair:6)
  A red devil (Volcano)
  The ghost of letownia the Grave Robber, an amateur DDNe of Gozag (D:4)
  A merfolk (D:10)
  6 trolls
  4 tyrant leeches (Lair:6)
  9 hornets
  An ice dragon skeleton (D:15)
  An ice dragon zombie (D:15)
  20 hippogriffs
  A water elemental (Orc:2)
  3 shadows
  A centaur simulacrum (D:15)
  3 redbacks (Lair:6)
  16 wyverns
  6 wraiths
  2 vampires
  44 yaks
  4 basilisks
  2 fire bats (Volcano)
  A hungry ghost (D:11)
  A steam dragon (D:13)
  Menkaure (D:4)
  7 vampire mosquitoes (D:14)
  6 wargs
  A soldier ant (D:12)
  A hell hound (Volcano)
  A water moccasin (shapeshifter) (D:13)
  25 water moccasins
  8 ice beasts
  13 porcupines
  23 orc warriors
  A hornet zombie (D:15)
  5 black bears
  A sky beast (D:5)
  2 eyes of draining
  8 phantoms
  2 necrophages
  30 ogres
  17 wolves
  16 centaurs
  12 crocodiles
  19 bullfrogs
  2 big kobolds
  2 gnoll sergeants
  5 scorpions
  6 killer bees (D:11)
  11 wights
  2 howler monkeys (D:4)
  7 lava snakes (Volcano)
  5 crimson imps
  A bullfrog zombie (D:12)
  6 centaur zombies
  2 quasits
  Crazy Yiuf (D:3)
  3 jellies
  16 orc priests
  3 centaur skeletons
  A gnoll shaman (D:4)
  8 hounds
  Ijyb (D:4)
  2 bullfrog skeletons
  Jessica (D:2)
  5 iguanas
  22 orc wizards
  9 worker ants
  Terence (D:2)
  A killer bee zombie (D:6)
  4 hound zombies
  9 mummies
  11 gnolls
  A howler monkey skeleton (D:8)
  26 adders
  4 shadow imps
  2 oozes
  3 worms
  3 dart slugs
  6 leopard geckos
  70 orcs
  4 giant cockroaches
  11 hobgoblins
  7 jackals
  3 quokkas
  4 ball pythons
  A ball python skeleton (D:4)
  12 bats
  3 frilled lizards (D:1)
  10 goblins
  3 hobgoblin zombies (Ossuary)
  17 kobolds
  3 kobold zombies (Ossuary)
  2 orc zombies (Ossuary)
  A quokka skeleton (D:4)
  8 rats
  A plant (Lair:2)
861 creatures vanquished.

Vanquished Creatures (others)
  A centaur (D:12)
  8 fungi
  42 plants
51 creatures vanquished.

Grand Total: 912 creatures vanquished

Notes
Turn   | Place    | Note
-------+----------+-------------------------------------------
     0 | D:1      | Jerry the Demigod Fighter began the quest for the Orb.
     0 | D:1      | Reached XP level 1. HP: 18/18 MP: 3/3
    61 | D:1      | Reached skill level 2 in Long Blades
    74 | D:1      | Found a shattered altar of Ashenzari.
   231 | D:1      | Reached XP level 2. HP: 25/25 MP: 4/4
   832 | D:1      | Reached XP level 3. HP: 29/30 MP: 5/5
  1101 | D:2      | Reached skill level 1 in Dodging
  1369 | D:2      | Found a blossoming altar of Fedhas.
  1377 | D:2      | Noticed Jessica
  1385 | D:2      | Killed Jessica
  1385 | D:2      | Reached skill level 3 in Long Blades
  1463 | D:2      | Reached XP level 4. HP: 27/38 MP: 6/6
  1648 | D:2      | Noticed Terence
  1665 | D:2      | Killed Terence
  2428 | D:2      | Reached XP level 5. HP: 21/45 MP: 7/7
  3193 | D:3      | Found a sparkling altar of Nemelex Xobeh.
  3193 | D:3      | Found an ancient bone altar of Kikubaaqudgha.
  3193 | D:3      | Found a basalt altar of Yredelemnul.
  3194 | D:3      | Found a shimmering altar of Xom.
  3551 | D:3      | Found a runed door.
  3941 | D:3      | Noticed Crazy Yiuf
  3951 | D:3      | Killed Crazy Yiuf
  3957 | D:3      | HP: 2/45 [poisoned by an adder]
  3965 | D:3      | HP: 1/45 [poisoned by an adder]
  4305 | D:4      | Noticed letownia's ghost (amateur DDNe)
  4372 | D:4      | Got a bronze leather armour
  4383 | D:4      | Identified the cursed +1 leather armour "Boaz" {rPois Regen+ Int-5} (You found it on level 4 of the Dungeon)
  4401 | D:4      | Reached skill level 4 in Long Blades
  4412 | D:4      | Noticed a phantom
  4463 | D:4      | Killed a phantom
  4463 | D:4      | Reached XP level 6. HP: 5/52 MP: 8/8
  4585 | D:4      | Noticed Menkaure
  4739 | D:4      | Killed Menkaure
  4875 | D:4      | Reached XP level 7. HP: 51/59 MP: 9/9
  4893 | D:4      | Found a staircase to the Ecumenical Temple.
  4922 | D:4      | Found a burning altar of Makhleb.
  4944 | D:4      | Reached skill level 5 in Long Blades
  5085 | D:4      | Noticed Ijyb
  5118 | D:4      | Killed Ijyb
  5215 | D:4      | Found Pukhuext's Weapon Shop.
  5232 | D:4      | Killed letownia's ghost
  5297 | D:4      | Found Weunla's Distillery.
  5311 | D:4      | Bought a potion of mutation for 88 gold pieces
  5311 | D:4      | Gained mutation: You have a somewhat thin skeletal structure. (Dex +2, Stealth) [potion of mutation]
  5311 | D:4      | Gained mutation: You have large cloven feet. [potion of mutation]
  5311 | D:4      | Gained mutation: You are resistant to hostile enchantments. (MR+) [potion of mutation]
  5311 | D:4      | Gained mutation: You are robust. (+10% HP) [potion of mutation]
  5409 | D:4      | Found an opulent altar of Gozag.
  5410 | D:4      | Found a glowing silver altar of Zin.
  5467 | D:4      | Found Kengankynoc's Armour Boutique.
  5557 | D:5      | Entered Level 5 of the Dungeon
  5602 | D:5      | Found a sand-covered staircase.
  5613 | Ossuary  | Entered an ossuary
  5628 | Ossuary  | Reached skill level 5 in Armour
  5671 | Ossuary  | Reached XP level 8. HP: 73/73 MP: 10/10
  5798 | Ossuary  | Reached skill level 6 in Long Blades
  6138 | D:5      | Reached skill level 5 in Fighting
  6246 | D:5      | Found a stormy altar of Qazlal.
  6456 | D:5      | Found a blossoming altar of Fedhas.
  6696 | D:6      | Found Haodgheh's Food Shoppe.
  6831 | D:6      | Found Someud's Food Shoppe.
  6863 | D:6      | Found Cafasyto's Gadget Boutique.
  7003 | D:4      | Bought a +0 pair of boots of running for 378 gold pieces
  7141 | D:6      | Found Jirodot's Magic Scroll Boutique.
  7166 | D:6      | Reached skill level 7 in Long Blades
  7520 | D:7      | Noticed a hippogriff
  7533 | D:7      | Killed a hippogriff
  7685 | D:7      | Reached XP level 9. HP: 75/81 MP: 11/11
  8038 | D:7      | Reached skill level 8 in Long Blades
  8389 | D:8      | Found Ukul's Antique Armour Shoppe.
  8431 | D:8      | Found Joyp Git's Armour Shop.
  8448 | D:8      | Noticed Psyche
  8456 | D:8      | Killed Psyche
  8643 | D:8      | Found a snail-covered altar of Cheibriados.
  9103 | D:8      | Reached skill level 9 in Long Blades
  9336 | D:8      | Noticed a two-headed ogre
  9815 | D:9      | Reached XP level 10. HP: 87/88 MP: 13/13
 10180 | D:9      | Found a staircase to the Orcish Mines.
 10210 | D:9      | Reached skill level 5 in Dodging
 10233 | D:9      | Reached skill level 10 in Long Blades
 10414 | D:9      | You fall through a shaft for 2 floors!
 10414 | D:11     | Noticed a cyclops
 10486 | D:11     | Noticed a two-headed ogre
 10499 | D:10     | Entered Level 10 of the Dungeon
 10650 | D:10     | Found Piraplun's Distillery.
 11177 | D:10     | Found a staircase to the Lair.
 11288 | D:10     | Killed an unseen horror
 11508 | D:10     | Got a polished falchion
 11509 | D:10     | Identified the +6 falchion "Iripn" {drain, rElec rF+ Dex+3} (You found it on level 10 of the Dungeon)
 11601 | Lair:1   | Entered Level 1 of the Lair of Beasts
 11610 | Lair:1   | Reached XP level 11. HP: 83/96 MP: 14/14
 11814 | Lair:1   | Found a blossoming altar of Fedhas.
 11848 | Lair:1   | Reached skill level 11 in Long Blades
 13510 | Lair:2   | Reached skill level 12 in Long Blades
 14767 | Lair:3   | Found a staircase to the Swamp.
 14898 | Lair:3   | Found a snail-covered altar of Cheibriados.
 15590 | Lair:4   | Reached XP level 12. HP: 99/103 MP: 15/15
 15621 | Lair:4   | Noticed a six-headed hydra
 15832 | Orc:1    | Entered Level 1 of the Orcish Mines
 15902 | Orc:1    | Found a frozen archway.
 15943 | IceCv    | Entered an ice cave
 16034 | IceCv    | Reached skill level 10 in Armour
 16259 | IceCv    | Reached skill level 13 in Long Blades
 16289 | IceCv    | HP: 1/103 [ice beast[an ice statue] (10)]
 16723 | Orc:1    | Noticed Harold
 16745 | Orc:1    | Killed Harold
 16901 | Orc:1    | Noticed Josephine
 16924 | Orc:1    | Killed Josephine
 17048 | Orc:2    | Entered Level 2 of the Orcish Mines
 17072 | Orc:2    | Noticed Nessos
 17431 | D:11     | Noticed KoningWillie's ghost (journeyman MiFi)
 19127 | D:11     | Killed KoningWillie's ghost
 19931 | D:12     | Learned a level 1 spell: Animate Skeleton
 19933 | D:12     | Learned a level 1 spell: Apportation
 20022 | D:12     | Reached XP level 13. HP: 112/112 MP: 16/16
 20072 | D:12     | Reached skill level 14 in Long Blades
 20150 | D:12     | You fall through a shaft for 3 floors!
 20150 | D:15     | Entered Level 15 of the Dungeon
 20158 | D:15     | Noticed Urug
 21523 | D:13     | Identified a scroll of acquirement
 21564 | D:14     | Reached skill level 10 in Dodging
 21766 | D:14     | Found a gate to the Vaults.
 22301 | D:14     | Found Foiniunt's Gadget Shop.
 23112 | Orc:2    | Noticed Snorg
 23549 | Orc:1    | Killed Snorg
 23737 | Orc:2    | Killed Nessos
 23810 | Orc:2    | Found a staircase to the Elven Halls.
 23932 | Orc:2    | Reached skill level 15 in Long Blades
 24107 | Orc:2    | Reached XP level 14. HP: 92/124 MP: 17/17
 24416 | Orc:2    | Noticed Saint Roka
 24505 | Orc:2    | Killed Saint Roka
 24515 | Orc:2    | Learned a level 3 spell: Lesser Beckoning
 24522 | Orc:2    | Learned a level 6 spell: Invisibility
 24711 | Orc:2    | Found Imel's Food Shoppe.
 24711 | Orc:2    | Found Huqehid's Armour Boutique.
 24712 | Orc:2    | Found Buakiav's Food Boutique.
 24712 | Orc:2    | Found Xaiclot's Magic Scroll Emporium.
 24907 | Orc:2    | Noticed an orc warlord
 24977 | Orc:2    | Killed an orc warlord
 25949 | D:12     | Reached skill level 5 in Shields
 26896 | D:12     | Found Zoph's General Store.
 27037 | D:8      | Bought a +0 pair of gloves of strength for 161 gold pieces
 27255 | D:15     | Found Gufeox's Antique Armour Emporium.
 27255 | D:15     | Found Askigred's Food Emporium.
 27382 | D:15     | Found Qurghiefi's Weapon Emporium.
 27438 | D:15     | Found Jigruitto's General Store.
 27449 | D:15     | Bought a scroll of random uselessness for 15 gold pieces
 27457 | D:15     | Noticed Roxanne
 27491 | D:15     | Killed Roxanne
 27492 | D:15     | Identified Roxanne's Almanac of Earth (You took it off Roxanne on level 15 of the Dungeon)
 27642 | D:15     | Learned a level 6 spell: Statue Form
 27949 | D:15     | Killed Urug
 28511 | D:15     | Found a staircase to the Depths.
 28529 | D:15     | Reached XP level 15. HP: 128/137 MP: 18/18
 28887 | Lair:4   | Found a staircase to the Snake Pit.
 30436 | Lair:6   | Entered Level 6 of the Lair of Beasts
 30491 | Lair:5   | Reached skill level 10 in Fighting
 30612 | Lair:6   | Found a dark tunnel.
 30617 | Volcano  | Entered a volcano
 30689 | Volcano  | Found a burning altar of Makhleb.
 31759 | Lair:6   | Found a viscous altar of Jiyva.
 31759 | Lair:6   | Found a staircase to the Slime Pits.
 32834 | Lair:6   | Reached skill level 10 in Shields
 33626 | Lair:6   | Found a runed door.
 33791 | Lair:6   | Paralysed by a hornet for 3 turns
 34864 | Orc:2    | Bought the +3 shield "Kimoxkopt" {*Contam rPois Str+3} for 502 gold pieces
 35042 | D:6      | Bought a scroll of acquirement for 780 gold pieces
 35598 | Elf:1    | Entered Level 1 of the Elven Halls
 36096 | Elf:1    | Noticed a Tzitzimitl
 36098 | Elf:1    | Noticed an Ice Fiend
 36156 | Elf:1    | Found Plog's General Store.
 36201 | Elf:1    | HP: 3/141 [runed scimitar (7)]
 36202 | Elf:1    | Killed from afar by an orc priest

Skill      XL: |  1  2  3  4  5  6  7  8  9 10 11 12 13 14 15 |
---------------+----------------------------------------------+-----
Long Blades    | 2 3 4 5 7 9 10 12 13 15 | 15.6
Armour         | 3 4 5 7 8 9 10 11 12 | 12.2
Dodging        | 1 2 3 4 6 8 9 10 11 | 11.3
Fighting       | 3 4 5 6 7 9 11 | 11.1
Shields        | 3 4 7 11 | 11.9
Stealth        | |  0.8

Action                   |  1- 3 |  4- 6 |  7- 9 | 10-12 | 13-15 || total
-------------------------+-------+-------+-------+-------+-------++-------
Melee: Long sword        |    78 |   116 |   465 |  1291 |  1216 ||  3166
       Rapier            |    23 |    97 |       |       |       ||   120
       Scimitar          |       |       |       |       |   976 ||   976
Evoke: Wand              |       |       |       |     4 |     4 ||     8
  Use: Scroll            |     4 |     4 |     5 |    17 |    17 ||    47
       Potion            |       |     1 |     4 |     6 |     4 ||    15
 Stab: Sleeping          |       |       |    10 |     6 |       ||    16
       Distracted        |       |       |       |     3 |       ||     3
       Confused          |       |       |       |       |     3 ||     3
  Eat: Chunk             |     1 |     9 |    16 |    25 |    43 ||    94
       Royal jelly       |       |     1 |       |     2 |     4 ||     7
       Fruit             |       |       |     1 |       |       ||     1
       Meat ration       |       |       |       |     1 |       ||     1
Armor: Scale mail        |    64 |    64 |       |    42 |   110 ||   280
       Leather armour    |       |    13 |   125 |   161 |       ||   299
       Plate armour      |       |       |       |       |    64 ||    64
       Chain mail        |       |       |       |       |   324 ||   324
Dodge: Dodged            |    66 |   105 |   328 |   645 |   867 ||  2011
Block: Buckler           |       |       |    17 |   410 |   659 ||  1086
       Reflection        |       |       |       |    11 |    39 ||    50
       Rpst.: Long sword |    19 |    16 |    97 |   162 |   127 ||   421
       Scimitar          |       |       |       |       |    83 ||    83
